 Dungeon Crawl Stone Soup version 0.27-a0-1555-g0e7b3fb1d2 (webtiles) character file.

Game seed: 3544101213680781013

249 pyrow613 the Conjurer (level 5, -7/41 HPs)
             Began as a Demigod Conjurer on July 14, 2021.
             Mangled by a hornet zombie (10 damage)
             ... on level 4 of the Dungeon.
             The game lasted 00:10:21 (3391 turns).

pyrow613 the Conjurer (Demigod Conjurer)            Turns: 3391, Time: 00:10:21

Health: -7/41      AC: 14    Str: 12    XL:     5   Next: 56%
Magic:  2/12       EV: 10    Int: 20    God:
Gold:   135        SH:  0    Dex: 12    Spells: 6/9 levels left

rFire    . . .     SeeInvis .   a - +0 dagger (protect)
rCold    . . .     Faith    .   (no shield)
rNeg     . . .     Spirit   .   m - +0 ring mail
rPois    .         Reflect  .   b - +0 helmet
rElec    .         Harm     .   (no cloak)
rCorr    .         Rampage  .   g - +0 pair of gloves
Will     .....                  (no boots)
Stlth    +.........             (no amulet)
HPRegen  0.13/turn              (no ring)
MPRegen  0.13/turn              (no ring)

@: under a protective aura
A: high mp 1, forlorn
a: no special abilities


You were on level 4 of the Dungeon.
You visited 1 branch of the dungeon, and saw 4 of its levels.

You collected 135 gold pieces.

Inventory:

Hand Weapons
 a - a +0 dagger of protection (weapon)
 h - a +2 short sword of holy wrath
Armour
 b - a +0 helmet (worn)
 c - a +0 robe
 g - a +0 pair of gloves (worn)
 i - a +0 chain mail
 m - a +0 ring mail (worn)
Scrolls
 f - 4 scrolls of identify
 j - a scroll of teleportation {unknown}
 k - a scroll of brand weapon {unknown}
 l - a scroll of summoning {unknown}
 n - a scroll of fear {unknown}
 o - a scroll of immolation {unknown}
Potions
 d - a potion of curing
 e - a potion of degeneration {unknown}


   Skills:
 + Level 2.1 Fighting
 + Level 2.1 Armour
 - Level 1.7 Dodging
 - Level 1.7 Stealth
 + Level 2.7 Spellcasting
 * Level 5.0 Conjurations


You had 6 spell levels left.
You knew the following spells:

 Your Spells              Type           Power      Damage    Failure   Level
a - Magic Dart            Conj           88%        1d7       4%          1
b - Searing Ray           Conj           44%        3d4       6%          2

Your spell library contained the following spells:

 Spells                   Type           Power      Damage    Failure   Level
 Static Discharge         Conj/Air       12%        N/A       17%         2
 Dazzling Flash           Conj/Hex       24%        N/A       34%         3
 Fulminant Prism          Conj/Hex       6%         3d7       75%         4
 Iskenderun's Mystic Bla  Conj/Tloc      12%        2d5       75%         4
 Lightning Bolt           Conj/Air       6%         1d18      97%         5
 Maxwell's Capacitive Co  Air            1%         ∞         100%        8


Dungeon Overview and Level Annotations

Branches:
Dungeon (4/15)
 Temple: D:4-7

Annotations:
D:2 1 runed translucent door, Crazy Yiuf


Innate Abilities, Weirdness & Mutations

Your attributes grow dramatically as you level up.
You have an increased reservoir of magic. (+10% MP)
You shall have no god before yourself.


Message History

The searing ray hits the gnoll!
The gnoll is almost dead.
The searing ray hits the gnoll.
The gnoll is almost dead.
The searing ray hits the hornet zombie.
The hornet zombie is lightly damaged.
The searing ray hits the gnoll!
You kill the gnoll!
The searing ray hits the gnoll.
You kill the gnoll!
The searing ray misses the hornet zombie.
Your Conjurations skill increases to level 5!
Unknown command.
The searing ray hits the hornet zombie.
The hornet zombie is moderately damaged.
You finish channeling your searing ray.
Casting: Searing Ray (safe; 6% risk of failure)
Confirm with . or Enter, or press ? or * to list all spells.
Aiming: Searing Ray (safe; 6% risk of failure)
Press: ? - help, Shift-Dir - straight line, f/p - hornet zombie
Aim: a hornet zombie (moderately damaged, 81% to hit)
The searing ray hits the hornet zombie.
The hornet zombie is moderately damaged. (Press . to maintain the ray.)
The hornet zombie hits you.
The searing ray hits the hornet zombie.
The hornet zombie is heavily damaged.
The hornet zombie closely misses you.
The searing ray hits the hornet zombie.
The hornet zombie is heavily damaged.
The hornet zombie closely misses you.
The searing ray hits the hornet zombie!
The hornet zombie is severely damaged.
You finish channeling your searing ray.
The hornet zombie hits you! x2
* * * LOW HITPOINT WARNING * * *
You hit the hornet zombie but do no damage.
Your weapon exudes an aura of protection.
The hornet zombie is severely damaged.
The hornet zombie hits you!
You die...

#####....#### ####.####
########....## ##
#............##...
...........#....# #
...).........#(.. #.#
...........### #####....
...........######|......
.............).Z@†#
........###.#######
.................#
......###....##.##..
...................
......§...#......#
....§≈.§.......#..
......§§§....#.#
##...≈)...#.#.#


You could see a hornet zombie.

Vanquished Creatures
  A water moccasin skeleton (D:3)
  Terence (D:2)
  A centaur skeleton (D:4)
  Ijyb (D:3)
  Robin (D:2)
  3 gnolls (D:4)
  An adder (D:2)
  A worm (D:3)
  2 endoplasms
  5 giant cockroaches
  7 hobgoblins
  4 jackals (D:1)
  8 kobolds
  3 quokkas
  11 ball pythons
  A bat (D:1)
  A frilled lizard (D:1)
  12 goblins
  6 rats
70 creatures vanquished.

Vanquished Creatures (others)
  3 fungi (D:2)
3 creatures vanquished.

Grand Total: 73 creatures vanquished

Notes
Turn   | Place    | Note
-------+----------+-------------------------------------------
     0 | D:1      | pyrow613 the Demigod Conjurer began the quest for the Orb.
     0 | D:1      | Reached XP level 1. HP: 14/14 MP: 5/5
   303 | D:1      | Reached XP level 2. HP: 16/22 MP: 1/7
   559 | D:1      | Learned a level 2 spell: Searing Ray
   710 | D:1      | Reached skill level 4 in Conjurations
  1182 | D:2      | Noticed Terence
  1192 | D:2      | Killed Terence
  1193 | D:2      | Reached skill level 1 in Fighting
  1193 | D:2      | Reached skill level 1 in Armour
  1193 | D:2      | Reached XP level 3. HP: 28/28 MP: 1/8
  1287 | D:2      | Noticed Robin
  1332 | D:2      | Killed Robin
  1333 | D:2      | Reached XP level 4. HP: 17/35 MP: 1/10
  1808 | D:2      | Found a runed translucent door.
  1809 | D:2      | Noticed Crazy Yiuf
  2547 | D:3      | Noticed Ijyb
  2572 | D:3      | Killed Ijyb
  2772 | D:3      | Reached XP level 5. HP: 38/41 MP: 4/11
  3386 | D:4      | Reached skill level 5 in Conjurations
  3391 | D:4      | Mangled by a hornet zombie

Illustrated notes

Levels and vault maps discovered:
D:1:      dpeg_arrival_arbitrary_a, layout_rooms
D:2:      layout_basic, uniq_crazy_yiuf_cottage, uniq_terence, uniq_robin
D:3:      layout_loops_ring, cheibrodos_worm_habitat,
          dreamdust_ecumenical_altar_statues, uniq_ijyb
D:4:      layout_rooms, nicolae_overflow_crystal_walls,
          nicolae_qazlal_scattered_showers, minmay_temple_entry_arrows,
          uniq_eustachio

Skill      XL: |  1  2  3  4  5 |
---------------+----------------+-----
Spellcasting   | 2 |  2.7
Conjurations   | 4 5 |  5.0
Fighting       | 1 2 |  2.1
Armour         | 1 2 |  2.1
Dodging        | |  1.7
Stealth        | |  1.7

Action                   |  1- 3 |  4- 6 || total
-------------------------+-------+-------++-------
Melee: Dagger            |    81 |    98 ||   179
 Cast: Magic Dart        |    50 |    18 ||    68
       Searing Ray       |     4 |     7 ||    11
  Use: Potion            |     2 |       ||     2
       Scroll            |     1 |       ||     1
 Stab: Sleeping          |     1 |     3 ||     4
Armor: Robe              |    49 |    27 ||    76
       Ring mail         |       |    25 ||    25
Dodge: Dodged            |    81 |    78 ||   159

Table legend: (Time is in decaauts)
 A = Elapsed time spent in this place.
 B = Non-inter-level travel time spent in this place.
 C = Inter-level travel time spent in this place.
 D = Time resting spent in this place.
 E = Time spent auto-exploring this place.
 F = Levels seen in this place.
 G = Mean time per level.
                   A        B        C        D        E       F      G
               +--------+--------+--------+--------+--------+-----+--------+
         Total |   3400 |   3316 |     84 |    394 |   2323 |   4 |  850.0 |
       Dungeon |   3400 |   3316 |     84 |    394 |   2323 |   4 |  850.0 |
               +--------+--------+--------+--------+--------+-----+--------+

Top non-repeatable levels by time:
     D:2: 1221 daAuts
     D:1: 1127 daAuts
     D:3: 940 daAuts
     D:4: 111 daAuts
